 Dungeon Crawl Stone Soup version 0.26.0-10-g1f06aea511 (webtiles) character file.

Game seed: 13280009774941844181

82857 MajorAdolf the Polluter (level 15, 0/108 HPs)
             Began as a Naga Venom Mage on Jan 17, 2021.
             Was an Initiate of Gozag.
             Slain by Jorgrun
             ... wielding an uncursed staff of earth
              (9 damage)
             ... on level 13 of the Dungeon.
             The game lasted 01:30:21 (37001 turns).

MajorAdolf the Polluter (Naga Venom Mage)          Turns: 37001, Time: 01:30:21

Health: 0/108      AC: 15    Str: 12    XL:     15   Next: 75%
Magic:  13/28      EV:  7    Int: 31    God:    Gozag
Gold:   561        SH:  0    Dex: 11    Spells: 4/33 levels left

rFire    + . .     SeeInvis +   N - staff of fire
rCold    . . .     Faith    .   (no shield)
rNeg     + . .     Spirit   .   O - +3 robe of Clouds {+Thunder rCloud rElec}
rPois    +         Reflect  .   e - +1 helmet
rElec    +         Harm     .   s - +0 cloak
rCorr    .         Rampage  .   b - +2 pair of gloves
Will     ++...                  (no barding)
Stlth    ++........             p - amulet of magic regeneration
HPRegen  0.28/turn              A - ring "Sogh" {Wiz rN+ Will+ Int+4}
MPRegen  0.46/turn              G - +6 ring of intelligence

@: radiating poison, grasped by roots, constricted, very slow
A: large, see invisible, deformed body, poison resistance, slowness 2, spit
poison 1, constrict 1, AC +5
a: Spit Poison, Renounce Religion, Evoke Thunderclouds, Potion Petition, Call
Merchant, Bribe Branch


You were on level 13 of the Dungeon.
You worshipped Gozag.
Gozag was pleased with you.
You visited 3 branches of the dungeon, and saw 18 of its levels.
You also visited: Bailey.

You collected 5686 gold pieces.
You spent 3819 gold pieces at shops.
You paid 1306 gold pieces to Gozag.

Inventory:

Hand Weapons
 u - a +2 short sword of freezing
Missiles
 k - 12 poisoned darts
Armour
 b - a +2 pair of gloves (worn)
 e - a +1 helmet (worn)
 s - a +0 cloak (worn)
 O - the +3 robe of Clouds (worn) {+Thunder rCloud rElec}
   (You bought it in a shop on level 8 of the Dungeon)

   It insulates you from electricity.
 P - a +0 robe of cold resistance
Magical Staves
 N - an uncursed staff of fire (weapon)
Jewellery
 o - an uncursed amulet of reflection
 p - an amulet of magic regeneration (around neck)
 r - an uncursed ring of stealth
 w - a +4 ring of evasion
 A - the ring "Sogh" (left hand) {Wiz rN+ Will+ Int+4}
   (You found it on level 6 of the Dungeon)

   [ring of wizardry]

   It improves your spell success rate.
   It affects your intelligence (+4).
   It protects you from negative energy.
   It affects your willpower, your defense against some magical effects.
 G - a +6 ring of intelligence (right hand)
 H - an uncursed ring of fire
 T - an uncursed ring of stealth
Wands
 a - a wand of disintegration (24)
 l - a wand of iceblast (13)
 y - a wand of paralysis (8)
 B - a wand of digging (13)
 J - a wand of acid (6)
 R - a wand of random effects (13)
Scrolls
 c - 2 scrolls of magic mapping
 f - 2 scrolls of acquirement {unknown}
 g - 5 scrolls of remove curse
 j - 2 scrolls of amnesia
 n - 3 scrolls of teleportation
 x - 3 scrolls of holy word {unknown}
 z - 2 scrolls of enchant armour
 C - a scroll of fog {unknown}
 F - 2 scrolls of immolation
 L - a scroll of blinking {unknown}
 M - a scroll of brand weapon {unknown}
 S - a scroll of vulnerability {unknown}
 U - 4 scrolls of identify
 W - a scroll of enchant weapon
Potions
 d - a potion of heal wounds
 h - 3 potions of invisibility
 i - 7 potions of curing
 m - 3 potions of attraction
 q - 5 potions of lignification
 t - 5 potions of magic {unknown}
 v - 3 potions of berserk rage {unknown}
 D - 6 potions of mutation {unknown}
 E - 2 potions of haste
 I - 3 potions of flight {unknown}
 K - 2 potions of might {unknown}
 Q - a potion of brilliance {unknown}
 V - 2 potions of resistance
 X - 2 potions of ambrosia {unknown}


   Skills:
 - Level 1.5 Dodging
 - Level 3.0 Stealth
 + Level 9.6 Spellcasting
 + Level 9.9 Conjurations
 + Level 10.1 Transmutations
 + Level 9.9 Fire Magic
 - Level 10.0 Air Magic
 * Level 19.1 Poison Magic


You had 4 spell levels left.
You knew the following spells:

 Your Spells              Type           Power        Failure   Level
a - Sting                 Tmut/Pois      100%         0%          1
b - Poisonous Vapours     Pois/Air       100%         0%          2
c - Mephitic Cloud        Conj/Pois/Air  77%          1%          3
d - Ignite Poison         Fire/Tmut/Pois 97%          1%          3
e - Olgreb's Toxic Radia  Pois           93%          0%          4
f - Eringya's Noxious Bo  Tmut/Pois      40%          1%          6
g - Alistair's Intoxicat  Tmut/Pois      54%          1%          5
h - Fireball              Conj/Fire      43%          1%          5

Your spell library contained the following spells:

 Spells                   Type           Power        Failure   Level
 Animate Skeleton         Necr           28%          1%          1
 Apportation              Tloc           28%          1%          1
 Beastly Appendage        Tmut           100%         1%          1
 Corona                   Hex            15%          1%          1
 Pain                     Necr           56%          1%          1
 Summon Small Mammal      Summ           56%          1%          1
 Corpse Rot               Necr/Air       N/A          1%          2
 Dazzling Flash           Conj/Hex       90%          1%          3
 Inner Flame              Hex/Fire       62%          1%          3
 Stone Arrow              Conj/Erth      90%          1%          3
 Petrify                  Tmut/Erth      46%          1%          4
 Ensorcelled Hibernation  Hex/Ice        28%          2%          2
 Slow                     Hex            14%          2%          2
 Confusing Touch          Hex            14%          4%          3
 Portal Projectile        Hex/Tloc       28%          4%          3
 Tukima's Dance           Hex            14%          4%          3
 Cause Fear               Hex            7%           14%         4
 Dispel Undead            Necr           14%          14%         4
 Leda's Liquefaction      Hex/Erth       7%           14%         4
 Starburst                Conj/Fire      43%          3%          6
 Borgnjor's Vile Clutch   Necr/Erth      7%           34%         5
 Ignition                 Fire           43%          80%         8


Dungeon Overview and Level Annotations

Branches:
Dungeon (15/15)            Temple (1/1) D:4            Lair (0/6) D:8
    Orc (2/2) D:9             Elf (0/3) Orc:2        Vaults (0/5) D:14
 Bailey (visited)
 Depths: D:15

Altars:
Ashenzari
Cheibriados
Dithmenos
Elyvilon
Fedhas
Gozag
Hepliaklqana
Kikubaaqudgha
Makhleb
Nemelex Xobeh
Okawaru
Qazlal
Ru
Sif Muna
Trog
Uskayaw
Vehumet
Wu Jian
Xom
Yredelemnul
Zin
The Shining One
Beogh

Shops:
D:7 [   D:8 [   D:11 :   D:12 :   Orc:2 ?}*=

Portals:
Trove: D:14 (give 3 potions of resistance)

Annotations:
D:2 exclusion: oklob plant
D:9 exclusion: ice statue
D:13 Jorgrun


Innate Abilities, Weirdness & Mutations

You cannot wear boots.
Your serpentine skin is tough. (AC +5)
You have supernaturally acute eyesight. (SInv)
Armour fits poorly on your strangely shaped body.
Your system is resistant to poisons. (rPois)
You cover ground very slowly.
You can spit poison.
You can use your snake-like lower body to constrict enemies.


Message History

Your toxic aura wanes.
Jorgrun gestures at you while chanting. The iron shot hits you!!!
The grasping roots constrict you!
Casting: Ignite Poison (safe; 1% risk of failure)
Confirm with . or Enter, or press ? or * to list all spells.
You begin to radiate toxic energy.
The grasping roots constrict you!
Unknown command.
Unknown command.
Casting: Olgreb's Toxic Radiance (safe; 0% risk of failure)
Confirm with . or Enter, or press ? or * to list all spells.
You feel a surge of power!
You ignite the poison in your surroundings!
Jorgrun seems to burn from within!
Jorgrun is almost dead.
Jorgrun is poisoned.
Jorgrun casts a spell at you. The iron shot hits you!!
* * * LOW HITPOINT WARNING * * *
You die...
Your body crumbles into a pile of gold.

#.***** ##.)..# #,,,,,*
####'## *****,* #......
*###########+## ###......
*........(....###.'......
*.............##..#......
*.............##.##..^...
*.....$!......##.##......
*.......@.....##.##......
*.............##.##......
*....g........#..##......
*.............'.###......
*.............### #......
*############## #......
#######


You could see Jorgrun (poisoned).

Vanquished Creatures
  Rupert (D:13)
  An orc warlord (Orc:1)
  A stone giant (D:14)
  An ettin (shapeshifter) (D:12)
  Snorg (D:11)
  Fannar (D:11)
  5 vault guards (D:14)
  A hydra (D:11)
  A rakshasa (D:14)
  A catoblepas (D:15)
  2 centaur warriors
  13 two-headed ogres
  2 ogre magi
  5 orc high priests (Orc:2)
  4 tengu warriors
  A deep troll earth mage (D:11)
  Urug (D:13)
  3 skeletal warriors
  An unseen horror (D:10)
  A wolf spider zombie (D:15)
  An orc sorcerer (Orc:1)
  10 orc knights
  3 deep elf magi
  8 ugly things
  A manticore (D:15)
  3 cyclopes
  Joseph (D:10)
  Maurice (D:11)
  An elephant (D:8)
  A centaur skeleton (D:10)
  2 kobold demonologists
  An efreet (D:13)
  6 trolls
  A jumping spider (shapeshifter) (D:14)
  A queen bee (D:11)
  11 slime creatures
  Grinder (D:4)
  Sigmund (D:2)
  A shadow (D:14)
  A wyvern (D:14)
  A basilisk (shapeshifter) (D:14)
  7 yaks (D:9)
  2 vampires
  3 basilisks
  4 vampire mosquitoes (D:12)
  8 wargs
  3 water moccasins
  4 acid dragons
  4 black bears
  2 phantoms
  A black bear (shapeshifter) (D:11)
  A necrophage (D:8)
  39 orc warriors
  An ice beast (D:6)
  4 sky beasts
  An eye of draining (D:11)
  21 ogres
  7 centaurs
  Blork the orc (D:4)
  11 bullfrogs
  A wyvern zombie (D:9)
  5 wights (D:14)
  41 killer bees
  3 electric eels (D:10)
  A bullfrog zombie (D:8)
  A quasit (D:10)
  5 hounds
  3 centaur zombies
  3 jellies
  36 orc priests
  19 orc wizards
  2 gnoll shamans
  4 iguanas
  10 worker ants
  A bullfrog skeleton (D:11)
  A hound zombie (D:10)
  A hound skeleton (D:7)
  20 gnolls
  14 adders
  A shadow imp (D:6)
  4 white imps
  2 ufetubi
  An ooze (D:3)
  3 adder zombies
  3 worms
  A dart slug (D:5)
  6 leopard geckos
  138 orcs
  6 giant cockroaches
  8 goblins
  11 hobgoblins
  6 jackals
  7 quokkas
  A ball python (shapeshifter) (D:14)
  3 ball pythons
  11 bats
  6 frilled lizards
  A jackal skeleton (D:5)
  20 kobolds
  2 quokka skeletons
  7 rats
647 creatures vanquished.

Vanquished Creatures (others)
  A skeletal warrior (D:13)
  A centaur zombie (D:11)
  A centaur skeleton (D:11)
  2 slime creatures
  An orc wizard (D:11)
  An adder (D:11)
  A leopard gecko (D:11)
  2 orcs (D:11)
  A kobold (D:11)
  2 fungi (D:8)
  A plant (D:8)
14 creatures vanquished.

Grand Total: 661 creatures vanquished

Notes
Turn   | Place    | Note
-------+----------+-------------------------------------------
     0 | D:1      | MajorAdolf the Naga Venom Mage began the quest for the Orb.
     0 | D:1      | Reached XP level 1. HP: 15/15 MP: 3/3
    35 | D:1      | Noticed an ettin
    35 | D:1      | Noticed a queen ant
    35 | D:1      | Noticed a tyrant leech
    35 | D:1      | Noticed an iguana
   338 | D:1      | Reached skill level 1 in Air Magic
   338 | D:1      | Reached XP level 2. HP: 22/22 MP: 5/5
  1168 | D:1      | Learned a level 2 spell: Poisonous Vapours
  1253 | D:1      | Reached XP level 3. HP: 20/28 MP: 0/6
  1634 | D:2      | Noticed Sigmund
  1997 | D:2      | Reached skill level 5 in Poison Magic
  2527 | D:2      | Reached XP level 4. HP: 36/36 MP: 4/7
  2530 | D:2      | Learned a level 3 spell: Mephitic Cloud
  3335 | D:2      | Found a white marble altar of Elyvilon.
  3920 | D:3      | Found a broken altar of Ashenzari.
  3920 | D:3      | Found a hazy altar of Hepliaklqana.
  3921 | D:3      | Found a glowing golden altar of the Shining One.
  4021 | D:3      | Reached skill level 1 in Conjurations
  4088 | D:3      | Reached XP level 5. HP: 42/42 MP: 3/9
  4144 | D:3      | Learned a level 3 spell: Ignite Poison
  5240 | D:4      | Found a sacrificial altar of Ru.
  5266 | D:4      | Found a radiant altar of Vehumet.
  5309 | D:4      | Found a bloodstained altar of Trog.
  5731 | D:4      | Noticed Grinder
  5731 | D:4      | Noticed an ogre
  5745 | D:4      | Killed an ogre
  5746 | D:4      | Reached skill level 1 in Fire Magic
  5746 | D:4      | Reached skill level 6 in Poison Magic
  5746 | D:4      | Reached XP level 6. HP: 30/49 MP: 1/10
  6221 | D:2      | Killed Sigmund
  6419 | D:2      | Found a blossoming altar of Fedhas.
  6440 | D:2      | Noticed an oklob plant
  6559 | D:4      | Reached XP level 7. HP: 46/55 MP: 7/11
  6740 | D:4      | Found a staircase to the Ecumenical Temple.
  6878 | D:5      | Entered Level 5 of the Dungeon
  6878 | D:5      | Noticed Blork the orc
  6892 | D:4      | Killed Blork the orc
  7303 | D:5      | Found an iron altar of Okawaru.
  7625 | D:4      | Found a basalt altar of Yredelemnul.
  7629 | D:4      | Found a burning altar of Makhleb.
  7875 | D:5      | Reached skill level 7 in Poison Magic
  8046 | D:5      | Learned a level 4 spell: Olgreb's Toxic Radiance
  8973 | D:5      | Found a shimmering blue altar of Sif Muna.
  9080 | D:6      | Reached XP level 8. HP: 55/62 MP: 8/13
  9611 | D:6      | Reached skill level 8 in Poison Magic
  9844 | D:6      | Got a smoking steel ring
  9846 | D:6      | Identified the ring "Sogh" {Wiz rN+ Will+ Int+4} (You found
                  | it on level 6 of the Dungeon)
  9975 | D:4      | Killed Grinder
 10430 | Temple   | Entered the Ecumenical Temple
 10557 | Temple   | Became a worshipper of Gozag Ym Sagoz the Greedy
 10596 | D:6      | Found a shadowy altar of Dithmenos.
 11392 | D:6      | Reached XP level 9. HP: 60/68 MP: 15/15
 11675 | D:7      | Reached skill level 9 in Poison Magic
 11881 | D:7      | Found Wyrutos's Armour Boutique.
 11885 | D:7      | Bought a +3 leather armour for 304 gold pieces
 13213 | D:8      | Noticed a centaur warrior
 13457 | D:8      | Killed a centaur warrior
 13458 | D:8      | Reached skill level 5 in Spellcasting
 13458 | D:8      | Reached skill level 5 in Air Magic
 13458 | D:8      | Reached skill level 10 in Poison Magic
 13811 | D:8      | Noticed a red ugly thing
 14092 | D:8      | Noticed a two-headed ogre
 14100 | D:8      | Killed a two-headed ogre
 14101 | D:8      | Reached skill level 5 in Conjurations
 14101 | D:8      | Reached skill level 5 in Transmutations
 14101 | D:8      | Reached XP level 10. HP: 52/75 MP: 1/18
 14604 | D:9      | Reached skill level 5 in Fire Magic
 14915 | D:9      | Reached skill level 11 in Poison Magic
 14921 | D:9      | Found a staircase to the Orcish Mines.
 15642 | D:9      | Found a basalt altar of Yredelemnul.
 16424 | D:9      | Noticed an ice statue
 17427 | D:8      | Noticed a cyan ugly thing
 17446 | D:8      | Killed a red ugly thing
 17447 | D:8      | Reached XP level 11. HP: 46/81 MP: 2/20
 17846 | D:8      | Noticed a deep elf mage
 17848 | D:8      | Killed a deep elf mage
 17849 | D:8      | Reached skill level 12 in Poison Magic
 17946 | D:8      | Found a staircase to the Lair.
 18218 | D:8      | Noticed a cyan ugly thing
 18345 | D:8      | Killed a cyan ugly thing
 18346 | D:8      | Killed a brown ugly thing
 18690 | D:8      | Found Benneola's Armour Boutique.
 18697 | D:8      | Bought the +3 robe of Clouds {+Thunder rCloud rElec} for
                  | 415 gold pieces
 18697 | D:8      | Found the +3 robe of Clouds {+Thunder rCloud rElec}
 19415 | D:10     | Entered Level 10 of the Dungeon
 19415 | D:10     | Noticed Joseph
 19688 | Orc:1    | Entered Level 1 of the Orcish Mines
 19985 | Orc:2    | Entered Level 2 of the Orcish Mines
 19985 | Orc:2    | Found a staircase to the Elven Halls.
 19985 | Orc:2    | Noticed an orc knight
 19992 | Orc:1    | Killed an orc knight
 20853 | Orc:2    | Reached skill level 13 in Poison Magic
 20871 | Orc:2    | Noticed a two-headed ogre
 20871 | Orc:2    | Noticed a two-headed ogre
 20874 | Orc:2    | Killed a two-headed ogre
 20887 | Orc:2    | Killed a two-headed ogre
 21063 | Orc:2    | Noticed a two-headed ogre
 21066 | Orc:2    | Killed a two-headed ogre
 21067 | Orc:2    | Reached XP level 12. HP: 88/88 MP: 10/22
 21067 | Orc:2    | Noticed an ogre mage
 21833 | Orc:2    | Killed an ogre mage
 21834 | Orc:2    | Noticed a two-headed ogre
 21842 | Orc:2    | Killed a two-headed ogre
 22595 | Orc:2    | Noticed an orc high priest
 22598 | Orc:2    | Killed an orc high priest
 22819 | Orc:2    | Noticed an orc high priest
 22825 | Orc:2    | Reached skill level 14 in Poison Magic
 23004 | Orc:2    | Killed an orc high priest
 23239 | Orc:2    | Noticed an orc high priest
 23243 | Orc:2    | Killed an orc high priest
 23494 | Orc:2    | Noticed an orc high priest
 23498 | Orc:2    | Killed an orc high priest
 24021 | Orc:2    | Noticed an orc high priest
 24034 | Orc:2    | Killed an orc high priest
 24035 | Orc:2    | Gained mutation: You can use your snake-like lower body to
                  | constrict enemies. [Naga growth]
 24035 | Orc:2    | Reached XP level 13. HP: 82/94 MP: 0/24
 24318 | Orc:2    | Found a roughly hewn altar of Beogh.
 24591 | Orc:2    | Found Ycsirphycw's General Store.
 24594 | Orc:2    | Found Leoph's Gadget Boutique.
 24595 | Orc:2    | Found Keur's Jewellery Shop.
 24596 | Orc:2    | Found Kaotanet's Magic Scroll Shop.
 24599 | Orc:2    | Bought an uncursed amulet of magic regeneration for 480
                  | gold pieces
 24612 | Orc:2    | Bought a scroll of magic mapping for 49 gold pieces
 24612 | Orc:2    | Bought a scroll of immolation for 49 gold pieces
 24612 | Orc:2    | Bought a scroll of enchant armour for 105 gold pieces
 24612 | Orc:2    | Bought a scroll of teleportation for 42 gold pieces
 24612 | Orc:2    | Bought a scroll of teleportation for 42 gold pieces
 24613 | Orc:2    | Bought a potion of haste for 150 gold pieces
 24613 | Orc:2    | Bought a scroll of teleportation for 45 gold pieces
 24691 | Orc:1    | Noticed an orc warlord
 24697 | Orc:1    | Reached skill level 15 in Poison Magic
 24768 | Orc:1    | Killed an orc warlord
 25145 | Orc:1    | Noticed an orc warlord
 25905 | Orc:2    | Reached skill level 17 in Poison Magic
 25905 | Orc:2    | Reached XP level 14. HP: 102/102 MP: 26/26
 26206 | D:10     | Killed Joseph
 27076 | D:11     | Bought the Volume of Ashen Intoxication for 1293 gold
                  | pieces
 27083 | D:11     | Learned a level 6 spell: Eringya's Noxious Bog
 27089 | D:11     | Learned a level 5 spell: Alistair's Intoxication
 27122 | D:11     | Noticed Maurice
 27255 | D:11     | Found a runed translucent door.
 27672 | D:11     | Identified the Incunabulum of Twisted Shape Shifting
 27696 | D:11     | Found a burning altar of Makhleb.
 27823 | D:11     | Noticed Snorg
 27830 | D:11     | Killed Snorg
 27961 | D:11     | Noticed Fannar
 27976 | D:11     | Killed Fannar
 27989 | D:11     | Killed Maurice
 28247 | D:11     | You fall into a shaft and drop 3 floors!
 28249 | D:14     | Found a portal to a secret trove of treasure.
 29801 | D:14     | Found a gate to the Vaults.
 29821 | D:14     | Reached skill level 18 in Poison Magic
 30000 | D:14     | HP: 5/102 [tengu warrior/arrow (7)]
 30002 | D:15     | Entered Level 15 of the Dungeon
 30348 | D:15     | Reached XP level 15. HP: 57/108 MP: 21/27
 30557 | D:14     | Noticed a frost giant
 31714 | D:13     | Found a flagged portal.
 31728 | Bailey   | Entered a bailey
 32296 | D:13     | Noticed Urug
 32301 | D:13     | Killed Urug
 32302 | D:13     | Noticed Rupert
 32307 | D:13     | Killed Rupert
 32308 | D:13     | Reached skill level 10 in Air Magic
 33589 | D:12     | Reached skill level 10 in Transmutations
 33830 | D:12     | Bought a book of Fire for 845 gold pieces
 33837 | D:12     | Learned a level 5 spell: Fireball
 34328 | D:11     | Found a sacrificial altar of Ru.
 34400 | D:11     | Reached skill level 19 in Poison Magic
 35900 | D:13     | HP: 5/108 [skeletal warrior/stone[a skeletal warrior] (8)]
 35902 | D:13     | HP: 2/108 [skeletal warrior/stone[a skeletal warrior] (12)]
 36211 | D:13     | HP: 4/108 [skeletal warrior/+0 trident[a skeletal warrior]
                  | (24)]
 36995 | D:13     | Noticed Jorgrun
 37001 | D:13     | Slain by Jorgrun

Illustrated notes

Levels and vault maps discovered:
D:1:      onia_arrival_zoo_common, layout_basic,
          amcnicky_mini_rare_corridor_liquid
D:2:      layout_rooms, elyvilon_altar_1, tgw_fedhas, uniq_sigmund
D:3:      layout_basic, gammafunk_temple_overflow_claw
D:4:      layout_loops_ring, fiery_altar_vehumet, bloody_trog,
          grunt_temple_overflow_open, minmay_temple_entry_large_hall,
          uniq_grinder
D:5:      minmay_general_purpose_star, layout_cave_pools, kennysheep_little_box,
          kennysheep_okawaru_gauntlet, uniq_blork_the_orc
D:6:      layout_basic, grunt_dithmenos_smoke_and_mirrors, minmay_bent
D:7:      layout_basic, serial_shops, shop
D:8:      minmay_the_grid_plus_closed [minmay_the_grid_box_x,
          minmay_the_grid_paths, minmay_the_grid_aliased_spiral,
          minmay_the_grid_tree, minmay_the_grid_prize_inner_circle],
          layout_basic, david_lair_generic, serial_shops, shop_fountains
D:9:      minmay_statue_hallways, layout_stronghold, hiddenorc2_lemuel,
          minivault_25, yredelemnul_altar_generic
D:10:     layout_big_octagon, uniq_joseph
D:11:     layout_long_grid, basic_altar, special_room [special_room_bee],
          minmay_st_funbox, nicolae_ru_path_of_blood, uniq_snorg, uniq_fannar,
          uniq_maurice
D:12:     layout_cave_pools
D:13:     layout_roguey, enter_bailey_2, hex_medium, patterned_corridor,
          uniq_jorgrun, uniq_urug, uniq_rupert
D:14:     minmay_guarded_unrand_sword_of_power, layout_loops_cross,
          david_vaults_2, serial_shops, shop_fountains,
          nicolae_trove_entry_columns, minmay_door_square, special_room
          [special_room_orc], disabler_island
D:15:     grunt_enter_depths_snipers, layout_layer_cave,
          chequers_serial_rivers_room_a
Temple:   nicolae_temple_figure_zero
Orc:1:    layout_caves, lightli_orcish_oven
Orc:2:    st_orc_pillars, layout_diamond_mine, lemuel_statue_altar

Skill      XL: |  1  2  3  4  5  6  7  8  9 10 11 12 13 14 15 |
---------------+----------------------------------------------+-----
Air Magic      | 1 2 3 4 5 6 7 8 9 10 | 10.0
Poison Magic   | 5 6 7 8 10 11 13 14 17 18 19 | 19.1
Conjurations   | 1 2 3 5 6 7 8 9 |  9.9
Spellcasting   | 3 4 5 6 7 8 9 |  9.6
Fire Magic     | 1 2 3 4 5 6 7 8 9 |  9.9
Transmutations | 2 3 5 6 7 8 9 10 | 10.1
Dodging        | |  1.5
Stealth        | |  3.0

Action                   |  1- 3 |  4- 6 |  7- 9 | 10-12 | 13-15 || total
-------------------------+-------+-------+-------+-------+-------++-------
Melee: Unarmed           |     5 |       |       |       |       ||     5
       Spear             |    19 |    22 |    15 |       |       ||    56
       Short sword       |       |       |    97 |    32 |       ||   129
       Staff             |       |       |       |    69 |   191 ||   260
       Constrict         |       |       |       |       |    39 ||    39
 Cast: Sting             |    34 |       |     1 |     1 |     1 ||    37
       Poisonous Vapours |    13 |    63 |    89 |    37 |     7 ||   209
       Mephitic Cloud    |       |       |    15 |    20 |    59 ||    94
       Ignite Poison     |       |       |    25 |   118 |   180 ||   323
       Olgreb's Toxic Ra |       |       |     7 |   112 |   120 ||   239
       Eringya's Noxious |       |       |       |       |    27 ||    27
       Fireball          |       |       |       |       |     5 ||     5
Invok: Call Merchant     |       |       |       |       |     2 ||     2
 Abil: Spit Poison       |    23 |     6 |     3 |     3 |     2 ||    37
Evoke: Wand              |       |       |       |       |     5 ||     5
  Use: Scroll            |       |     3 |    11 |     7 |    10 ||    31
       Potion            |       |       |       |       |     7 ||     7
 Stab: Sleeping          |       |     1 |     1 |       |     1 ||     3
       Confused          |       |       |     1 |     1 |     2 ||     4
       Distracted        |       |       |       |       |     2 ||     2
Armor: Robe              |    24 |    20 |    19 |    27 |   217 ||   307
       Leather armour    |       |       |    24 |    30 |       ||    54
Dodge: Dodged            |    42 |    16 |   114 |   103 |   219 ||   494
Block: Other             |       |       |    42 |    36 |       ||    78
       Reflection        |       |       |     2 |     5 |       ||     7
